 Dungeon Crawl Stone Soup version 0.31.0-11-ge490571c62 (webtiles) character file.

Game seed: 10893261457349875186

598 GloriousHammer the Poker (level 7, 0/52 HPs)
             Began as a Formicid Delver on Jan 30, 2024.
             Was an Initiate of Makhleb.
             Succumbed to a killer bee's poison
             ... on level 4 of the Dungeon.
             The game lasted 00:10:49 (3805 turns).

GloriousHammer the Poker (Formicid Delver)          Turns: 3805, Time: 00:10:50

Health: 0/52       AC:  8    Str: 16 (18) XL:     7   Next: 68%
Magic:  7/7        EV:  7    Int:  7 (10) God:    Makhleb [......]
Gold:   239        SH:  0    Dex: 14 (15) Spells: 6/6 levels left

rFire   . . .        c - +0 scythe
rCold   . . .        (no shield)
rNeg    . . .        B - +0 chain mail
rPois   .            (helmet unavailable)
rElec   .            (no cloak)
rCorr   +            (no gloves)
SInv    +            (no boots)
Will    .....        (no amulet)
Stlth   +            L - ring of flight
HPRegen 0.28/turn    R - ring of resist corrosion
MPRegen 0.10/turn

%: no passive effects
@: lethally poisoned (0 -> -14), flying
A: permanent stasis, dig shafts and tunnels, antennae 3, four strong arms
a: Dig, Shaft Self, Renounce Religion


You were on level 4 of the Dungeon.
You worshipped Makhleb.
Makhleb was noncommittal.
You visited 1 branch of the dungeon, and saw 5 of its levels.
You also visited: Sewer.

You collected 239 gold pieces.

Inventory:

Hand Weapons
 a - a +0 spear
 b - a +3 sling
 c - a +0 scythe (weapon)
Missiles
 g - 47 stones
 y - 6 boomerangs
Armour
 m - a +0 leather armour
 t - a +0 scale mail
 B - a +0 chain mail (worn)
Jewellery
 C - a ring of ice
 F - a ring of fire
 L - a ring of flight (left hand)
 R - a ring of resist corrosion (right hand)
Wands
 f - a wand of digging (3)
 l - a wand of polymorph (5)
Scrolls
 d - 3 scrolls of revelation
 e - a scroll of vulnerability {unknown}
 h - 2 scrolls of noise {unknown}
 i - 4 scrolls of teleportation {unknown}
 j - 2 scrolls of fear
 k - 4 scrolls of identify {unknown}
 n - 2 scrolls of amnesia {unknown}
 o - 3 scrolls of enchant armour {unknown}
 w - 2 scrolls of fog
Potions
 p - 2 potions of degeneration
 q - 2 potions of invisibility {unknown}
 r - 2 potions of lignification {unknown}
 s - a potion of brilliance {unknown}
 u - a potion of berserk rage {unknown}
 v - 2 potions of heal wounds {unknown}
 x - a potion of attraction {unknown}
 z - a potion of resistance {unknown}
 A - 2 potions of might {unknown}
 D - a potion of curing {unknown}


   Skills:
 - Level 3.2 Fighting
 * Level 7.7 Polearms
 + Level 2.1 Armour
 - Level 1.7 Dodging
 - Level 6.0 Stealth


You had 6 spell levels left.
You didn't know any spells.
Your spell library contained the following spells:

 Spells                   Type           Power      Damage    Failure   Level
 Hailstorm                Conj/Ice       0%         3d5       100%        3
 Fulminant Prism          Conj/Alch      0%         3d5       100%        4
 Summon Mana Viper        Hex/Summ       0%         N/A       100%        5
 Lehudib's Crystal Spear  Conj/Erth      0%         10d2      100%        8


Dungeon Overview and Level Annotations

Branches:
Dungeon (5/15)             Temple (0/1) D:4           Sewer (visited)

Altars:
Makhleb

Shops:
D:5 =

Annotations:
D:5 2 transporters


Innate Abilities, Weirdness & Mutations

You cannot be hasted, slowed, berserked, paralysed or teleported.
You can dig through walls and to a lower floor.
You have a pair of large antennae on your head. (SInv)
Your four strong arms can wield two-handed weapons with a shield.


Message History

The liquid fire burns you!
You hit the bombardier beetle but do no damage.
The liquid fire burns you!
The bombardier beetle barely misses you.
You hit the bombardier beetle but do no damage.
The liquid fire burns you!
The bombardier beetle sprays incendiary fluid at you.
The burning spray hits you.
You are even more covered in liquid fire!
You puncture the bombardier beetle!
The bombardier beetle is severely wounded.
The liquid fire burns you!
You puncture the bombardier beetle!
You kill the bombardier beetle!
Makhleb accepts your kill. The liquid fire burns you!
You shake off some of the fire as you move.
The liquid fire burns you!
You shake off some of the fire as you move.
The liquid fire burns you!
You shake off the liquid fire.
You are too injured to fight recklessly!
You are too injured to fight recklessly!
You slash the howler monkey!
The howler monkey is moderately wounded.
The howler monkey hits you.
The howler monkey hits you but does no damage.
You hit the howler monkey.
The howler monkey is severely wounded.
The howler monkey hits you but does no damage.
You puncture the howler monkey!
You kill the howler monkey!
Makhleb accepts your kill.
Your Armour skill increases to level 2!
The gnoll sergeant shouts!
The gnoll shouts!
The gnoll shouts!
You hear a shout!
You sense a monster nearby.
A killer bee comes into view.
The gnoll shouts!
The killer bee buzzes angrily.
You hear an angry buzzing noise.
A killer bee comes into view. x2
There are monsters nearby!
A killer bee and an adder come into view.
Found a stone staircase leading down.
The killer bee buzzes angrily. x3
A killer bee comes into view.
Unknown command.
The killer bee closely misses you.
You hit the killer bee.
The killer bee is moderately wounded.
The killer bee stings you but does no damage.
The killer bee barely misses you.
You miss the killer bee.
The killer bee is moderately wounded.
The killer bee stings you but does no damage. x2
The killer bee attacks as it pursues you!
The killer bee stings you but does no damage.
The killer bee stings you. The killer bee barely misses you.
The killer bee stings you but does no damage.
The killer bee stings you.
The killer bee stings you but does no damage. x2
The killer bee barely misses you. x2
The killer bee buzzes angrily.
The killer bee stings you!
You are poisoned.
The killer bee poisons you! The killer bee stings you.
You feel sick.
The killer bee attacks as it pursues you!
The killer bee barely misses you. The killer bee stings you. x2
You feel sick.
The killer bee stings you but does no damage.
There is a stone staircase leading up here.
You feel sick. The killer bee barely misses you.
The killer bee stings you but does no damage.
The killer bee stings you. The killer bee closely misses you.
The killer bee stings you. The killer bee barely misses you.
The killer bee stings you.
You are more poisoned.
The killer bee poisons you!
You fly upwards.
You feel very sick.
There is a stone staircase leading down here.
You hit the killer bee.
The killer bee is moderately wounded.
You feel sick. The killer bee closely misses you.
The killer bee barely misses you. x2; The killer bee stings you.
* * * LOW HITPOINT WARNING * * *
The killer bee stings you!
* * * LOW HITPOINT WARNING * * *
The killer bee stings you.
* * * LOW HITPOINT WARNING * * *
You are more poisoned.
The killer bee poisons you!
Okay, then.
Okay, then.
It was a potion of degeneration.
There was something very wrong with that liquid.
You feel weakened.
You feel dopey.
You feel clumsy.
You die...

#......#..'....
#......#.##....
######.#.##.... #.#.######
#####.#.######
####.............
#.....##.#.######
##y....##.#.######
#@y....+..........
#y.....##..#######
#......##..## #
#......##...# #
###########....####.#.######
#........).....####.........
##.#########..........#...#.
#.# #........#....... #.#
#........#.......


You could see 3 killer bees.

Vanquished Creatures
  Sigmund (D:2)
  A black bear (D:5)
  A howler monkey (D:5)
  A bombardier beetle (D:5)
  An orc priest (D:3)
  A hound (D:4)
  An iguana (D:4)
  A hell rat (Sewer)
  A mummy (D:4)
  Robin (D:3)
  2 adders
  A river rat (Sewer)
  2 ribbon worms
  5 orcs
  5 bats
  6 endoplasms
  6 giant cockroaches
  8 hobgoblins
  7 jackals
  3 quokkas
  8 ball pythons
  2 frilled lizards (D:1)
  17 goblins
  4 kobolds
  A kobold zombie (D:4)
  3 orc zombies (D:4)
  12 rats
102 creatures vanquished.

Notes
Turn   | Place    | Note
-------+----------+-------------------------------------------
     0 | D:5      | GloriousHammer the Formicid Delver began the quest for the
                  | Orb.
     0 | D:5      | Reached XP level 1. HP: 18/18 MP: 1/1
     9 | D:5      | Noticed a howler monkey
   214 | D:4      | Noticed an iguana
   257 | D:3      | Reached XP level 2. HP: 22/24 MP: 2/2
   286 | D:3      | Noticed Robin
   427 | D:4      | Reached skill level 3 in Polearms
   427 | D:4      | Reached XP level 3. HP: 16/29 MP: 3/3
   581 | D:3      | Reached skill level 4 in Polearms
   581 | D:3      | Reached XP level 4. HP: 35/35 MP: 4/4
   604 | D:3      | Killed Robin
   736 | D:3      | Found a glowing drain.
   752 | Sewer    | Entered a sewer
   925 | Sewer    | Reached XP level 5. HP: 33/40 MP: 5/5
   969 | D:3      | Reached skill level 5 in Polearms
  1902 | D:2      | Noticed Sigmund
  1929 | D:2      | Killed Sigmund
  1930 | D:2      | Reached skill level 6 in Polearms
  1930 | D:2      | Reached XP level 6. HP: 39/47 MP: 6/6
  2163 | D:2      | Identified the +7 dagger "Mayggeal" {vamp, *Corrode rPois
                  | Int+7 Dex-4}
  2456 | D:2      | Found a burning altar of Makhleb.
  2512 | D:2      | Became a worshipper of Makhleb the Destroyer
  2666 | D:3      | Reached XP level 7. HP: 29/52 MP: 7/7
  2953 | D:4      | Reached skill level 7 in Polearms
  3058 | D:4      | Found a staircase to the Ecumenical Temple.
  3059 | D:4      | Got Gon Elyu's Grimoire of Fetching Force
  3176 | D:4      | Reached skill level 1 in Armour
  3529 | D:5      | Found a transporter.
  3535 | D:5      | Identified the +0 ring mail of the Iron City of Dis {rPois
                  | rC+ Will-}
  3571 | D:5      | Found a transporter.
  3575 | D:5      | Found Obabbimuimm's Jewellery Boutique.
  3804 | D:4      | HP: 2/52 [killer bee (2)]
  3805 | D:4      | Succumbed to a killer bee's poison

Illustrated notes

Levels and vault maps discovered:
D:1:      minmay_arrival_wavy_path, layout_basic, st_stairs_10
D:2:      layout_loops_ring, basic_altar, item_on_display_a, uniq_sigmund
D:3:      layout_basic, cheibrodos_sewer_entry_drain, uniq_robin
D:4:      layout_basic, minmay_temple_entry_arrows, dreamdust_princess_bridge,
          minmay_mini_ossuary
D:5:      layout_loops_ring, gammafunk_ghost_gnarly_gnolls, serial_shops,
          nicolae_shop_getting_attention, chequers_jeans

Skill      XL: |  1  2  3  4  5  6  7 |
---------------+----------------------+-----
Polearms       | 3 4 6 7 |  7.7
Armour         | 2 |  2.1
Fighting       | |  3.2
Dodging        | |  1.7
Stealth        | |  6.0

Action                     |  1- 3 |  4- 6 |  7- 9 || total
---------------------------+-------+-------+-------++-------
  Melee: Spear             |    70 |   137 |       ||   207
         Punch             |     2 |     5 |     3 ||    10
         Halberd           |       |    51 |    72 ||   123
   Fire: Sling             |       |    31 |       ||    31
Ability: Dig               |       |     1 |       ||     1
    Use: Scroll            |     1 |       |       ||     1
         Potion            |       |       |     1 ||     1
   Stab: Sleeping          |     3 |    10 |       ||    13
 Armour: Leather armour    |    28 |    20 |       ||    48
         Scale mail        |       |    67 |       ||    67
         Chain mail        |       |       |    79 ||    79
  Dodge: Dodged            |    29 |    86 |    40 ||   155
